Cogmind - Beta 17 @@@ ROGUE MODE // 2026.07.15 @ 06:13:44 // Winter2019/RPGLIKE Player: Gallgagger Result: Destroyed by P1-3CE with P1-3CE's Gatling Flakker Performance ------------- Evolutions (1) 500 Regions Visited (5) 1000 Robots Destroyed (0) 0 Value Destroyed (0) 0 Prototype IDs (3) 60 Alien Tech Used (0) 0 Bonus (458) 458 TOTAL SCORE: 2018 Bonus ------- Pacifist 200 Aligned with FarCom 300 Friendly Fire -42 Cogmind --------- Core Integrity 0/800 Matter 174/300 Energy 99/100 System Corruption 0% Temperature Cool (2) Movement Flying (32) Location -8/Mines Parts ------- > --- POWER (1) -------- (None) > --- PROPULSION (2) --- Improved VTOL Module Improved VTOL Module > --- UTILITY (1) ------ 0b10 Alert Chip > --- WEAPON (1) ------- (None) > --- INVENTORY (0) ---- (None) Peak State ------------ > --- POWER ------------ (None) > --- PROPULSION ------- Improved VTOL Module Improved VTOL Module > --- UTILITY ---------- Splice Drone Bay > --- WEAPON ----------- (None) > --- INVENTORY -------- (None) [Rating: 15] Favorites ----------- Power None Propulsion Improved VTOL Module Flight Unit Improved VTOL Module Utility 0b10 Alert Chip Device Splice Drone Bay Processor 0b10 Alert Chip Weapon None Build | -11 -10 -9 -9 -9 -8 ------- Run | Yrd Mat Mat Min Exi Min Slots Evolved 1 | . . 1 . . . Power . | . . . . . . Propulsion 1 | . . 1 . . . Utility . | . . . . . . Weapon . | . . . . . . Parts Attached 7 | . . 5 1 1 . Power . | . . . . . . Engine . | . . . . . . Core . | . . . . . . Reactor . | . . . . . . Propulsion 4 | . . 4 . . . Treads . | . . . . . . Leg . | . . . . . . Wheel . | . . . . . . Hover . | . . . . . . Flight 4 | . . 4 . . . Utility 3 | . . 1 1 1 . Device 1 | . . . 1 . . Storage . | . . . . . . Processor 2 | . . 1 . 1 . Hackware . | . . . . . . Protection . | . . . . . . Artifact . | . . . . . . Weapon . | . . . . . . Energy Gun . | . . . . . . Energy Cannon . | . . . . . . Ballistic Gun . | . . . . . . Ballistic Cannon . | . . . . . . Launcher . | . . . . . . Special Weapon . | . . . . . . Impact Weapon . | . . . . . . Slashing Weapon . | . . . . . . Piercing Weapon . | . . . . . . Special Melee Weapon . | . . . . . . Unidentified Prototypes 3 | . . 1 1 1 . Parts Lost . | . . . . . . Power . | . . . . . . Propulsion . | . . . . . . Utility . | . . . . . . Weapon . | . . . . . . Highest Loss Streak . | . . . . . . To Critical Strikes . | . . . . . . Average Backups . | . . . . . . Power . | . . . . . . Propulsion . | . . . . . . Utility . | . . . . . . Weapon . | . . . . . . Tool/Special . | . . . . . . Unused Backups . | . . . . . . Power . | . . . . . . Propulsion . | . . . . . . Utility . | . . . . . . Weapon . | . . . . . . Tool/Special . | . . . . . . Average Slot Usage (%) 37 | . . 46 60 60 60 Flight 24 | . . 28 40 40 40 Device 2 | . . . 5 10 . Processor 10 | . . 17 15 10 20 Peak Build Rating 15 | . . 9 15 15 14 Average Rating 7 | . . 6 10 14 14 On Entrance 6 | . . . 9 15 14 Avg Prop Armor Cover (%) . | . . . . . . Naked Turns 126 | . 120 6 . . . Heaviest Build 8 | . . . 8 8 . Greatest Support 10 | 3 3 10 10 10 10 Greatest Overweight (x) . | . . . . . . Average Overweight (x) . | . . . . . . Largest Inventory Capacity . | . . . . . . Average Capacity . | . . . . . . Most Carried . | . . . . . . Average Carried . | . . . . . . Final Capacity . | . . . . . . Final Carried . | . . . . . . Class Distribution -------------------- 62% | Sprinter 37% | Mutant Dominant Class ---------------- Mutant | -10/Materials Sprinter | -9/Materials Sprinter | -9/Mines Sprinter | -9/Exiles Sprinter | -8/Mines Resources | -11 -10 -9 -9 -9 -8 ----------- Run | Yrd Mat Mat Min Exi Min Matter Collected 74 | 43 . . . . 31 Remotely . | . . . . . . Salvage Created . | . . . . . . Parts . | . . . . . . Haulers Intercepted . | . . . . . . Recyclers Shooed . | . . . . . . Parts Field Recycled . | . . . . . . Retrieved Matter . | . . . . . . Parts Self-Destructed . | . . . . . . Prevented . | . . . . . . Parts Restored . | . . . . . . Kills | -11 -10 -9 -9 -9 -8 ------- Run | Yrd Mat Mat Min Exi Min Combat Hostiles Destroyed . | . . . . . . Classes Destroyed . | . . . . . . Best Kill Streak . | . . . . . . Combat Bots Only . | . . . . . . Max Kills in Single Turn . | . . . . . . Gunslinging . | . . . . . . Exploded . | . . . . . . Melee . | . . . . . . Uniques/NPCs Destroyed . | . . . . . . Combat | -11 -10 -9 -9 -9 -8 -------- Run | Yrd Mat Mat Min Exi Min Hostile Shots Fired 103 | . 48 26 . 7 22 Missed 45 | . 15 16 . 3 11 Hits 58 | . 33 10 . 4 11 Projectile 58 | . 33 10 . 4 11 Damage Taken 824 | 2 409 77 . 106 230 Core 814 | 2 409 77 . 106 220 Absorbed by Shields . | . . . . . . Redirected to Core 33 | . . . . . 33 Core Remaining (%) 65 | 99 31 . . . . Volleys Fired . | . . . . . . Largest . | . . . . . . Hottest . | . . . . . . Shots Fired . | . . . . . . Gun . | . . . . . . Cannon . | . . . . . . Launcher . | . . . . . . Special . | . . . . . . Kinetic . | . . . . . . Thermal . | . . . . . . Explosive . | . . . . . . Electromagnetic . | . . . . . . Robot Hit Streak . | . . . . . . Robot Miss Streak . | . . . . . . Penetration Max . | . . . . . . Secondary Targets . | . . . . . . Shots Hit Robots . | . . . . . . Core Hits 3 | . 3 . . . . Critical Kills . | . . . . . . Critical Parts Destroyed . | . . . . . . Critical Strikes . | . . . . . . Melee Attacks . | . . . . . . Impact . | . . . . . . Slashing . | . . . . . . Piercing . | . . . . . . Sneak Attacks . | . . . . . . Combat Hostiles . | . . . . . . Follow-up Attacks . | . . . . . . Damage Inflicted 98 | 5 79 . . 14 . Guns . | . . . . . . Cannons . | . . . . . . Explosions . | . . . . . . Melee . | . . . . . . Ramming 98 | 5 79 . . 14 . Kinetic . | . . . . . . Thermal . | . . . . . . Explosive . | . . . . . . Electromagnetic . | . . . . . . Impact . | . . . . . . Slashing . | . . . . . . Piercing . | . . . . . . Highest Corruption 2 | . 2 . . . . Average Corruption 2 | . 2 . . . . Corruption Purged . | . . . . . . Corruption Blocked . | . . . . . . Effects 1 | . 1 . . . . Alerts 1 | . 1 . . . . Overload Shots . | . . . . . . Overflow Damage 13 | . . . . 13 . Projectiles . | . . . . . . Explosions . | . . . . . . Melee 13 | . . . . 13 . Knockbacks 1 | . 1 . . . . Impact 1 | . 1 . . . . Kinetic . | . . . . . . Secondary . | . . . . . . Self-Inflicted Damage 44 | 2 35 . . 7 . Shots . | . . . . . . Rammed 20 | 2 17 . . 1 . Targets Rammed 20 | 2 17 . . 1 . Kicked . | . . . . . . Crushed . | . . . . . . Highest Temperature . | . . . . . . Average Temperature . | . . . . . . Received Heat Transfer 138 | . 129 . . . 9 Siege Activations . | . . . . . . Martial Activations . | . . . . . . Shielding Activations . | . . . . . . Robots Disrupted . | . . . . . . Combat Hostiles . | . . . . . . Robots Corrupted . | . . . . . . Combat Hostiles . | . . . . . . Parts Fried . | . . . . . . Impact Corruptions 1 | . . . . 1 . Robots Melted . | . . . . . . Combat Hostiles . | . . . . . . Parts Melted . | . . . . . . Heat Transferred . | . . . . . . Parts Sabotaged . | . . . . . . Parts Stolen . | . . . . . . Parts Stripped . | . . . . . . Power Chain Reactions . | . . . . . . Alert | -11 -10 -9 -9 -9 -8 ------- Run | Yrd Mat Mat Min Exi Min Maximum Alert Level . | . . . . . . Low Security (%) 100 | 100 100 100 100 . 100 Level 1 . | . . . . . . Level 2 . | . . . . . . Level 3 . | . . . . . . Level 4 . | . . . . . . Level 5 . | . . . . . . High Security . | . . . . . . Max Security . | . . . . . . Peak Influence 121 | . 50 121 46 . 84 Initial 46 | . . 16 46 . . Average 17 | . 6 32 43 . 16 Influence Increases 287 | . 68 135 . . 84 Successful Hack 8 | . 8 . . . . Lose Combat Pursuer 279 | . 60 135 . . 84 Influence Decreases 203 | . 28 54 85 36 . Entered New Map 135 | . . 24 75 36 . Time Decay 68 | . 28 30 10 . . Squads Dispatched 3 | . 2 1 . . . Investigation . | . . . . . . Extermination . | . . . . . . Reinforcement 3 | . 2 1 . . . Assault . | . . . . . . Garrison . | . . . . . . Intercept . | . . . . . . Searches Triggered . | . . . . . . Construction Impeded . | . . . . . . Haulers Reinforced . | . . . . . . Active Scanning Responses . | . . . . . . Cargo Convoy Interrupts . | . . . . . . Stealth | -11 -10 -9 -9 -9 -8 --------- Run | Yrd Mat Mat Min Exi Min Distress Signals 3 | . 1 2 . . . Communications Jammed . | . . . . . . Distress Signals . | . . . . . . Times Spotted 37 | . 14 14 . 2 7 Peak Tracking Total 12 | . 8 12 . 11 10 Tactical Retreats 7 | . 2 3 . 1 1 Traps | -11 -10 -9 -9 -9 -8 ------- Run | Yrd Mat Mat Min Exi Min Traps Triggered . | . . . . . . Indirectly . | . . . . . . Trap Hack Attempts . | . . . . . . Triggered . | . . . . . . Disarmed . | . . . . . . Reprogrammed . | . . . . . . Reused . | . . . . . . Traps Extracted . | . . . . . . Installed . | . . . . . . Triggered . | . . . . . . Machines | -11 -10 -9 -9 -9 -8 ---------- Run | Yrd Mat Mat Min Exi Min Machines Disabled . | . . . . . . Max in Single Turn . | . . . . . . Machines Repaired . | . . . . . . Machines Dismantled . | . . . . . . Machines Sabotaged . | . . . . . . Overloaded Fab Kills . | . . . . . . Hacking | -11 -10 -9 -9 -9 -8 --------- Run | Yrd Mat Mat Min Exi Min Machines Accessed 2 | . 1 . 1 . . Terminals 1 | . 1 . . . . Fabricators . | . . . . . . Repair Stations . | . . . . . . Recycling Units . | . . . . . . Scanalyzers . | . . . . . . Garrison Access . | . . . . . . Total Hacks 4 | . 3 . 1 . . Successful 2 | . 1 . 1 . . Failed 2 | . 2 . . . . Catastrophic . | . . . . . . Database Lockouts . | . . . . . . Manual 4 | . 3 . . 1 . Terminals 3 | . 3 . . . . Fabricators . | . . . . . . Repair Stations . | . . . . . . Recycling Units . | . . . . . . Scanalyzers . | . . . . . . Garrison Access . | . . . . . . Terminal Hacks 2 | . 1 . 1 . . Open Door 1 | . . . 1 . . Branch Access Points 1 | . 1 . . . . Fabricator Hacks . | . . . . . . Repair Station Hacks . | . . . . . . Recycling Unit Hacks . | . . . . . . Scanalyzer . | . . . . . . Garrison Access Hacks . | . . . . . . Unauthorized Hacks . | . . . . . . Terminals . | . . . . . . Fabricators . | . . . . . . Repair Stations . | . . . . . . Recycling Units . | . . . . . . Scanalyzers . | . . . . . . Garrison Access . | . . . . . . Data Cores Recovered . | . . . . . . Used . | . . . . . . Hacking Detections . | . . . . . . Full Trace Events . | . . . . . . Feedback Events . | . . . . . . Feedback Blocked . | . . . . . . Robot Schematics Acquired . | . . . . . . Robots Built . | . . . . . . Authchips . | . . . . . . Time . | . . . . . . Total Robot Build Rating . | . . . . . . Part Schematics Acquired . | . . . . . . Parts Built . | . . . . . . Authchips . | . . . . . . Time . | . . . . . . Total Part Build Rating . | . . . . . . Part Studies Acquired . | . . . . . . Parts Repaired . | . . . . . . Time . | . . . . . . Parts Recycled . | . . . . . . Recycled Matter . | . . . . . . Retrieved Matter . | . . . . . . Retrieved Components . | . . . . . . Parts Scanalyzed . | . . . . . . Part Schematics Acquired . | . . . . . . Parts Damaged . | . . . . . . Bothacking | -11 -10 -9 -9 -9 -8 ------------ Run | Yrd Mat Mat Min Exi Min Used RIF Installer . | . . . . . . Robots Hacked . | . . . . . . Non-combat . | . . . . . . Combat . | . . . . . . Robot Hacks Applied . | . . . . . . Relay Couplers Released . | . . . . . . Fabnet Peak Effective % . | . . . . . . Robots Rewired . | . . . . . . Allies Hacked . | . . . . . . Hacks Repelled . | . . . . . . Allies | -11 -10 -9 -9 -9 -8 -------- Run | Yrd Mat Mat Min Exi Min Total Allies . | . . . . . . Largest Group . | . . . . . . Highest-Rated Group . | . . . . . . Highest-Rated Ally . | . . . . . . Total Orders . | . . . . . . Ally Attacks . | . . . . . . Total Damage . | . . . . . . Kills . | . . . . . . Allies Corrupted . | . . . . . . Allies Melted . | . . . . . . Intel | -11 -10 -9 -9 -9 -8 ------- Run | Yrd Mat Mat Min Exi Min Active Infowar (turns) . | . . . . . . Robot Analysis Total . | . . . . . . Derelict Logs Recovered . | . . . . . . Drone Launches . | . . . . . . Drone Recoveries . | . . . . . . Exploration | -11 -10 -9 -9 -9 -8 ------------- Run | Yrd Mat Mat Min Exi Min Turns Passed 353 | 11 120 65 24 75 58 Spaces Moved 862 | 18 205 163 70 226 180 Core 249 | 18 205 26 . . . Treads . | . . . . . . Legs . | . . . . . . Wheels . | . . . . . . Hover . | . . . . . . Flight 613 | . . 137 70 226 180 Fastest Speed 32 | 50 50 32 32 32 32 Average Speed 37 | 50 50 34 32 32 32 Slowest Speed 50 | 50 50 50 32 32 32 Overloaded Moves . | . . . . . . Propulsion Burnouts . | . . . . . . Robots Hopped 7 | . . 3 . . 4 Potential Cave-ins . | . . . . . . Cave-ins Triggered . | . . . . . . Exploration Rate (%) 34 | 3 46 20 21 64 50 Regions Visited 5 Branch Regions 3 Pre-discovered Areas . | . . . . . . Known Exits Taken 1 | . . 1 . . . Unknown Exits Taken 4 | 1 1 . 1 1 . Scrap Searched . | . . . . . . Spaces Dug . | . . . . . . Terrain Destroyed . | . . . . . . Melee . | . . . . . . Projectile . | . . . . . . AOE . | . . . . . . Terrain Rammed . | . . . . . . Walls Destroyed . | . . . . . . Machines Disabled . | . . . . . . Actions | -11 -10 -9 -9 -9 -8 --------- Run | Yrd Mat Mat Min Exi Min Total 878 | 19 221 165 70 227 176 Wait . | . . . . . . Move 843 | 17 204 156 69 225 172 Hop 7 | . . 3 . . 4 Pick Up . | . . . . . . Fast Attach 3 | . . 3 . . . Attach . | . . . . . . Detach . | . . . . . . Swap 4 | . . 2 1 1 . Drop 1 | . . 1 . . . Fire . | . . . . . . Melee . | . . . . . . Ram 20 | 2 17 . . 1 . Kick . | . . . . . . Crush . | . . . . . . Escape Stasis . | . . . . . . Rewire . | . . . . . . Trap . | . . . . . . Miscellaneous . | . . . . . . Route ------- -11/Scrapyard -10/Materials (discovered 3 exits: [*Mat x2] / Min) -9/Materials (discovered 2 exits: *Mat / *Min) -9/Mines (discovered 2 exits: *Exi / [*Zio]) -9/Exiles -8/Mines (discovered 1 exit: *Mat) History --------- Turn | Location | Event 3 | -11/Scrapyard | Discovered new exit (range 15) 12 | -11/Scrapyard | Entered Materials 68 | -10/Materials | Identified exit to Mines 98 | -10/Materials | Discovered new exit (range 12) 108 | -10/Materials | Core integrity fell below 50% 129 | -10/Materials | Discovered new exit (range 6) 132 | -10/Materials | Entered another Materials area 133 | -9/Materials | Core integrity fell below 50% 134 | -9/Materials | Reached level 2 148 | -9/Materials | Upgraded with Propulsion slot (x1) 180 | -9/Materials | Discovered new exit (range 16) 184 | -9/Materials | Core integrity fell below 20% 184 | -9/Materials | Identified exit to Materials 192 | -9/Materials | Discovered new exit (range 15) 196 | -9/Materials | Identified exit to Mines 197 | -9/Materials | Entered Mines 204 | -9/Mines | A Derelict revealed a hidden shortcut to a safe place 211 | -9/Mines | Deemed a non-threat by the Exiles lab entrance 211 | -9/Mines | Discovered new exit (range 5) 214 | -9/Mines | Found the Drone Emporium 214 | -9/Mines | Found Prototype Device 214 | -9/Mines | Identified Splice Drone Bay 221 | -9/Mines | Entered Exiles 230 | -9/Exiles | Met 8R-AWN 235 | -9/Exiles | Met EX-HEX 243 | -9/Exiles | Met EX-BIN 248 | -9/Exiles | Aligned with FarCom system 248 | -9/Exiles | Given EX-Vault access code 255 | -9/Exiles | Opened EX-Vault 257 | -9/Exiles | Found Prototype Processor 257 | -9/Exiles | Identified 0b10 Alert Chip 265 | -9/Exiles | Warned to stay clear of 0b10 Research branches 271 | -9/Exiles | Exiles lab attacked by MAIN.C 283 | -9/Exiles | Attacked by the Exiles 293 | -9/Exiles | Discovered new exit (range 10) 296 | -9/Exiles | Left Exiles lab with 0b10 Alert Chip 296 | -9/Exiles | Entered Mines 343 | -8/Mines | Discovered exit to Materials (range 3) 354 | -8/Mines | P1-3CE came to Exiles' defense 354 | -8/Mines | Destroyed by P1-3CE with P1-3CE's Gatling Flakker Last Messages --------------- network. 00271_ EXILES: Incoming Unaware force detected on approach from Mines. Prepare for evacuation. 00282_ Slammed into EX-DEC. 00282_ Destroyed EX Chip 1. 00282_ EX-DEC system corrupted by crushing effect. 00283_ EXILES: Additional hostile detected within perimeter. 00283_ Machine disabled. 00285_ EX-DEC: "Let's see what this bad boy can do..." 00285_ EX-DEC deploys DAS Turret. 00293_ EXIT=FOUND A strange signal echoes through the mines. LOCATION=UNKNOWN GOAL=ESCAPE 00342_ K-01 Serf collects debris. 00343_ EXIT=FOUND: MATERIALS 00346_ K-01 Serf collects debris. 00352_ K-01 Serf destroyed. 00353_ Extracted 31 matter. 00354_ P1-3CE: "I came as fast as I could... Wait, it was you!" Map ----- +----------------------------------------------------+ | ???????????????????????????????????????????????? | | ???????????????????????????????????????????????? | | ???????????????????????????????????????????????? | | ???????????????????????????????????????????????? | | ???????????????????????????????? ??????????????? | | ???????????????????????????????? ???????????### | | ????????????????????????????????# ??????????## | | ???????????????????????????????## ????????## | | ??????????????????????????????## ?????### | | ??????????????????????????????# ???## | | ?????????????????????????????## #?## | | ???????????????????????????? ## | | ???????????????????????????? | | ???????????????????????????????# | | ????????????????????????????????# | | ????????????####?????????????##### ## | | ???????????## #???????????? ####???## | | ????####???# ##??????????? ## ???# | | ???## ##???# < ##????????? M ???## | | ??## #????# ##???????# #???## ## | | ??# #????# #??????# #???## #### | | ??# #???## #??#### #????# #??### | | ?## ##### ##?## #?????# #????? | | ?# ####### #??????## ##????? | | ?# ##??## #???????## ##?????? | | ??# ### ##???# @ #?????????# #??????? | | ??## ##?# ##???#; u ##?????????# #??????? | | ???###???# #????## ##??????????# #??????? | | ?????????# #?????#= ##????????#### ######## | | ?????????# #######%= ####?????????# | | ?????????# ! ##????????????# ########## | | ?????????#### #### #?????????????# #?????????? | | ????????????# #??## ##?????????????# #?????????? | | ????????????# #???###??????????????# #?????????? | | ????????????# #????????????????????# #?????????? | | ???????????## #????????????????????# #?????????? | | ??????????## ##?????????????????### #?????????? | | ??????##### #????###########?## ##????????? | | ??????# #????# ### #????????? | | ??????## ##????# #????????? | | ???????# ####### ##### #????????? | | ???????## #???## ##????????? | | ????????#### #????### #####?????????? | | ???????????## #########??????####?????????????? | | ????????????####???????????????????????????????? | | ???????????????????????????????????????????????? | | ???????????????????????????????????????????????? | | ???????????????????????????????????????????????? | | | | | +----------------------------------------------------+ Best States ------------- Heat Dissipation 25 Energy Generation 5 Energy Capacity 100 Matter Stores 208 Matter Capacity 300 Sight Range 16 Terrain Scan Density 10 Evasion (%) 63 Item Schematics ----------------- None Robot Schematics ------------------ None Fabricated ------------ Nothing Repaired ---------- Nothing Studied --------- None Alien Tech Used ----------------- None Achievements -------------- None Challenges ------------ None RPGLIKE | -11 -10 -9 -9 -9 -8 --------- Run | Yrd Mat Mat Min Exi Min Levels Raised 1 | . . 1 . . . XP Earned 5990 | 3000 140 1500 500 350 500 XP Spent 660 | . . 500 160 . . Upgrades 5 | . . 1 4 . . Propulsion Slot 1 | . . 1 . . . Core Integrity 4 | . . . 4 . . Protomatter Created . | . . . . . . Protomatter Decayed . | . . . . . . Game ------ Seed WeldingLargeRocket Manual? 0 Play Time 00:03:42 Cumulative 662.9 hours Start 2026.07.15 @ 06:10:40 End 2026.07.15 @ 06:13:44 Sessions 1 Manual Loads 0 Difficulty Rogue Special Mode Winter2019/RPGLIKE Game No. 296 Rogue 142 Adventurer 154 Explorer 0 Win Type - Total 22 Types 4/5/4/3/2/1/0/1/1/1 Lore% 95 Gallery% 88 Achievement% 68 Wizard Run 0 Options --------- Layout 0 ASCII 0 Keyboard 0 Movement Numpad Keybinds 0 Fullscreen 2 Font 18/SmallcapsGlow Map View 76x50 Zoom Use 0% Tactical HUD 1 Map Filters NONE Filters NONE Steam 1 RUN: cab6c530-c74b-4201-9a18-429993111f23